Cogmind - Beta 9.6 *** ADVENTURER MODE // 2020.07.17 @ 12:06:55 Player: Plexion Result: Self-destructed Performance ------------- Evolutions (1) 500 Regions Visited (2) 400 Robots Destroyed (14) 70 Value Destroyed (293) 293 Prototype IDs (0) 0 Alien Tech Used (0) 0 Bonus (0) 0 TOTAL SCORE: 1263 Bonus ------- None Cogmind --------- Core Integrity 349/400 Matter 300/300 Energy 100/100 System Corruption 1% Temperature Cool (0) Movement Rolling (100) Location -9/Materials Parts ------- > --- POWER (1) -------- (None) > --- PROPULSION (2) --- Compact Wheel > --- UTILITY (4) ------ Small Storage Unit Small Storage Unit > --- WEAPON (2) ------- (None) > --- INVENTORY (8) ---- Light Ion Engine Wheel Wheel Wheel Peak State ------------ > --- POWER ------------ Ion Engine > --- PROPULSION ------- Compact Wheel Compact Wheel > --- UTILITY ---------- Small Storage Unit Small Storage Unit > --- WEAPON ----------- EM Pulse Gun Medium Laser > --- INVENTORY -------- Light Ion Engine Medium Laser [Rating: 7] Favorites ----------- Power Ion Engine Engine Ion Engine Propulsion Compact Wheel Wheel Compact Wheel Utility Small Storage Unit Storage Small Storage Unit Weapon Medium Laser Energy Gun Medium Laser Build | -11 -10 -9 ------- Run | Scr Mat Mat Slots Evolved 2 | . . 2 Power . | . . . Propulsion . | . . . Utility 2 | . . 2 Weapon . | . . . Parts Attached 10 | 8 1 1 Power 1 | 1 . . Engine 1 | 1 . . Core . | . . . Reactor . | . . . Propulsion 2 | 2 . . Treads . | . . . Leg . | . . . Wheel 2 | 2 . . Hover . | . . . Flight . | . . . Utility 2 | 2 . . Device . | . . . Storage 2 | 2 . . Processor . | . . . Hackware . | . . . Protection . | . . . Artifact . | . . . Weapon 5 | 3 1 1 Energy Gun 5 | 3 1 1 Energy Cannon . | . . . Ballistic Gun . | . . . Ballistic Cannon . | . . . Launcher . | . . . Special Weapon . | . . . Impact Weapon . | . . . Slashing Weapon . | . . . Piercing Weapon . | . . . Special Melee Weapon . | . . . Unidentified Prototypes . | . . . Parts Lost 6 | . 1 5 Power 1 | . . 1 Propulsion 1 | . . 1 Utility . | . . . Weapon 4 | . 1 3 Highest Loss Streak 4 | . 1 4 Average Slot Usage (%) 84 | . 100 58 Engine 11 | . 14 6 Wheel 24 | . 28 19 Storage 25 | . 28 22 Energy Gun 21 | . 28 11 Naked Turns . | . . . Heaviest Build 17 | 17 17 17 Greatest Support 32 | 32 32 32 Greatest Overweight (x) . | . . . Average Overweight (x) . | . . . Largest Inventory Capacity 8 | 8 8 8 Average Capacity 7 | 6 8 8 Most Carried 6 | 5 6 6 Average Carried 4 | 2 5 4 Final Capacity 8 | 8 8 8 Final Carried 6 | 5 6 4 Class Distribution -------------------- 100% | Mutant Dominant Class ---------------- Mutant | -10/Materials Mutant | -9/Materials Resources | -11 -10 -9 ----------- Run | Scr Mat Mat Matter Collected 290 | 234 56 . Remotely . | . . . Salvage Created 539 | 133 291 115 Parts 36 | 14 11 11 Haulers Intercepted 2 | . 2 . Recyclers Shooed . | . . . Parts Field Recycled . | . . . Retrieved Matter . | . . . Parts Self-Destructed . | . . . Prevented . | . . . Kills | -11 -10 -9 ------- Run | Scr Mat Mat Combat Hostiles Destroyed 6 | . 4 2 Melee 1 | . . 1 Guns 5 | . 4 1 Classes Destroyed 6 | 2 3 1 Tunneler 4 | 4 . . Hauler 2 | . 2 . Recycler 1 | 1 . . Watcher 1 | . 1 . Grunt 4 | . 4 . Sentry 2 | . . 2 Best Kill Streak 4 | 4 3 1 Combat Bots Only 2 | . 2 1 Max Kills in Single Turn 2 | 1 2 1 Gunslinging . | . . . Exploded . | . . . Melee 1 | . . 1 Uniques/NPCs Destroyed . | . . . Combat | -11 -10 -9 -------- Run | Scr Mat Mat Damage Taken 484 | 16 177 291 Core 68 | . 17 51 Absorbed by Shields . | . . . Core Remaining (%) 96 | 100 93 . Volleys Fired 37 | 7 20 10 Largest 2 | 2 2 2 Hottest 90 | 90 90 90 Shots Fired 65 | 14 39 12 Gun 65 | 14 39 12 Cannon . | . . . Launcher . | . . . Special . | . . . Kinetic . | . . . Thermal 38 | 7 19 12 Explosive . | . . . Electromagnetic 27 | 7 20 . Robot Hit Streak 16 | 11 14 16 Robot Miss Streak 2 | . 2 . Penetration Max . | . . . Secondary Targets . | . . . Shots Hit Robots 54 | 11 31 12 Core Hits 27 | 6 14 7 Critical Hits . | . . . Critical Kills . | . . . Critical Parts Destroyed . | . . . Melee Attacks . | . . . Impact . | . . . Slashing . | . . . Piercing . | . . . Sneak Attacks . | . . . Combat Hostiles . | . . . Follow-up Attacks . | . . . Damage Inflicted 818 | 185 468 165 Guns 702 | 131 436 135 Cannons . | . . . Explosions 86 | 54 32 . Melee . | . . . Ramming 30 | . . 30 Kinetic . | . . . Thermal 447 | 92 220 135 Explosive . | . . . Electromagnetic 341 | 93 248 . Impact . | . . . Slashing . | . . . Piercing . | . . . Highest Corruption 1 | . . 1 Average Corruption 1 | . . 1 Corruption Purged . | . . . Overload Shots . | . . . Overflow Damage 24 | . 24 . Projectiles . | . . . Explosions 24 | . 24 . Melee . | . . . Knockbacks . | . . . Impact . | . . . Kinetic . | . . . Secondary . | . . . Self-Inflicted Damage 54 | 16 27 11 Shots 2 | 1 1 . Rammed 15 | . . 15 Targets Rammed 15 | . . 15 Kicked . | . . . Crushed . | . . . Highest Temperature 237 | 102 237 60 Average Temperature 73 | 41 92 43 Received Heat Transfer 222 | . 114 108 Effects 1 | . 1 . Interference 1 | . 1 . Siege Activations . | . . . Robots Corrupted . | . . . Combat Hostiles . | . . . Parts Fried 3 | 1 2 . Impact Corruptions . | . . . Robots Melted . | . . . Combat Hostiles . | . . . Parts Melted 2 | 1 1 . Heat Transferred 1140 | 211 605 324 Parts Sabotaged . | . . . Parts Stolen . | . . . Parts Stripped . | . . . Power Chain Reactions 2 | 1 1 . Missiles Intercepted . | . . . Alert | -11 -10 -9 ------- Run | Scr Mat Mat Peak Influence 154 | 25 154 80 Average Influence 65 | 12 88 65 Maximum Alert Level . | . . . Low Security (%) 100 | 100 100 100 Level 1 . | . . . Level 2 . | . . . Level 3 . | . . . Level 4 . | . . . Level 5 . | . . . High Security . | . . . Max Security . | . . . Squads Dispatched 2 | . 1 1 Investigation 1 | . 1 . Extermination . | . . . Reinforcement 1 | . . 1 Assault . | . . . Garrison . | . . . Intercept . | . . . Construction Impeded . | . . . Haulers Reinforced . | . . . Stealth | -11 -10 -9 --------- Run | Scr Mat Mat Distress Signals 2 | . 2 . Communications Jammed . | . . . Distress Signals . | . . . Times Spotted 18 | . 12 6 Peak Tracking Total 4 | . 4 4 Tactical Retreats 2 | . 1 1 Traps | -11 -10 -9 ------- Run | Scr Mat Mat Traps Triggered . | . . . Indirectly . | . . . Trap Hack Attempts . | . . . Triggered . | . . . Disarmed . | . . . Reprogrammed . | . . . Reused . | . . . Traps Extracted . | . . . Installed . | . . . Triggered . | . . . Machines | -11 -10 -9 ---------- Run | Scr Mat Mat Machines Disabled . | . . . Max in Single Turn . | . . . Machines Sabotaged . | . . . Garrisons Compromised . | . . . Overloaded Fab Kills . | . . . Fab Network Shutdowns . | . . . Hacking | -11 -10 -9 --------- Run | Scr Mat Mat Machines Accessed 3 | . 3 . Terminals 3 | . 3 . Fabricators . | . . . Repair Stations . | . . . Recycling Units . | . . . Scanalyzers . | . . . Garrison Access . | . . . Total Hacks 5 | . 5 . Successful 1 | . 1 . Failed 4 | . 4 . Catastrophic 2 | . 2 . Database Lockouts . | . . . Manual 5 | . 5 . Terminals 5 | . 5 . Fabricators . | . . . Repair Stations . | . . . Recycling Units . | . . . Scanalyzers . | . . . Garrison Access . | . . . Terminal Hacks 1 | . 1 . Zone Layout 1 | . 1 . Fabricator Hacks . | . . . Repair Station Hacks . | . . . Recycling Unit Hacks . | . . . Scanalyzer . | . . . Garrison Access Hacks . | . . . Unauthorized Hacks . | . . . Terminals . | . . . Fabricators . | . . . Repair Stations . | . . . Recycling Units . | . . . Scanalyzers . | . . . Garrison Access . | . . . Data Cores Recovered . | . . . Used . | . . . Hacking Detections 3 | . 3 . Full Trace Events 1 | . 1 . Feedback Events . | . . . Feedback Blocked . | . . . Robot Schematics Acquired . | . . . Robots Built . | . . . Matter . | . . . Time . | . . . Total Robot Build Rating . | . . . Part Schematics Acquired . | . . . Parts Built . | . . . Matter . | . . . Time . | . . . Total Part Build Rating . | . . . Parts Repaired . | . . . Time . | . . . Parts Recycled . | . . . Recycled Matter . | . . . Retrieved Matter . | . . . Retrieved Components . | . . . Parts Scanalyzed . | . . . Part Schematics Acquired . | . . . Parts Damaged . | . . . Bothacking | -11 -10 -9 ------------ Run | Scr Mat Mat Used RIF Installer . | . . . Robots Hacked . | . . . Non-combat . | . . . Combat . | . . . Robot Hacks Applied . | . . . Relay Couplers Released . | . . . Robots Rewired . | . . . Allies Hacked . | . . . Hacks Repelled . | . . . Allies | -11 -10 -9 -------- Run | Scr Mat Mat Total Allies . | . . . Largest Group . | . . . Highest-Rated Group . | . . . Highest-Rated Ally . | . . . Total Orders . | . . . Ally Attacks . | . . . Total Damage . | . . . Kills . | . . . Allies Corrupted . | . . . Allies Melted . | . . . Intel | -11 -10 -9 ------- Run | Scr Mat Mat Robot Analysis Total . | . . . Derelict Logs Recovered . | . . . Drone Launches . | . . . Drone Recoveries . | . . . Exploration | -11 -10 -9 ------------- Run | Scr Mat Mat Turns Passed 515 | 109 259 147 Spaces Moved 329 | 63 182 84 Core 1 | 1 . . Treads . | . . . Legs . | . . . Wheels 328 | 62 182 84 Hover . | . . . Flight . | . . . Fastest Speed 50 | 50 100 100 Average Speed 99 | 99 100 100 Slowest Speed 100 | 100 100 100 Overloaded Moves . | . . . Propulsion Burnouts . | . . . Robots Hopped . | . . . Cave-ins Triggered . | . . . Exploration Rate (%) 21 | 4 47 14 Regions Visited 2 Branch Regions . Pre-discovered Areas . | . . . Known Exits Taken . | . . . Unknown Exits Taken 2 | 1 1 . Scrap Searched . | . . . Spaces Dug . | . . . Terrain Destroyed 7 | 4 3 . Melee . | . . . Projectile . | . . . AOE 7 | 4 3 . Actions | -11 -10 -9 --------- Run | Scr Mat Mat Total 446 | 91 220 135 Wait 48 | 10 14 24 Move 327 | 62 181 84 Hop . | . . . Pick Up 7 | 4 3 . Fast Attach 7 | 7 . . Attach 2 | . 1 1 Detach . | . . . Swap 1 | 1 . . Drop 2 | . 1 1 Fire 37 | 7 20 10 Melee . | . . . Ram 15 | . . 15 Kick . | . . . Crush . | . . . Escape Stasis . | . . . Rewire . | . . . Trap . | . . . Miscellaneous . | . . . Route ------- -11/Scrapyard -10/Materials (discovered 2 exits: [*Mat] / [*Min]) -9/Materials History --------- Turn | Location | Event 19 | -11/Scrapyard | Discovered new exit (range 16) 110 | -11/Scrapyard | Entered Materials 208 | -10/Materials | Discovered new exit (range 10) 255 | -10/Materials | Discovered new exit (range 16) 314 | -10/Materials | Build established: Mutant 369 | -10/Materials | Entered another Materials area 369 | -9/Materials | Evolved 2 slots: Utility x2 501 | -9/Materials | Lost 4 parts (1p1n2w) 516 | -9/Materials | Self-destructed Last Messages --------------- 00403_ EM Pulse Gun destroyed. 00437_ Med. Laser destroyed. 00444_ Y-45 Defender destroyed. 00452_ Sml. Laser destroyed. 00454_ Slammed into Y-45 Defender. 00455_ Destabilizing: System corrupted (+1). 00456_ Slammed into Y-45 Defender. 00456_ Destabilizing: Core damaged (-4). 00458_ Ion Engine destroyed. 00460_ Slammed into Y-45 Defender. 00470_ Com. Wheel destroyed. 00471_ Slammed into Y-45 Defender. 00472_ Y-45 Defender destroyed. [Achievement: Fist Fight] 00491_ K-01 Serf cleans the Atomic Centrifuge. 00492_ K-01 Serf collects debris. 00494_ K-01 Serf cleans the Atomic Centrifuge. 00510_ O-16 Technician: "IFF HANDSHAKE FAILED. SECURING TERMINAL." 00514_ ALERT: Hostiles spotted, dispatching reinforcements to Terminal M008. Map ----- +----------------------------------------------------+ | | | | | ?????????????????????????????????????????????????? | | ?????????????????????????????????????????????????? | | ?????????????????????????????????????????????????? | | ?????????????????????????????????????????????????? | | ?????????????????????????????????????????????????? | | ?????????????????????????????????????????????????? | | ?????????????????????????????????????????????????? | | ?????????????????????????????????????????????????? | | ?????????????????????????????????????????????????? | | ?????????????????????????????????????????????????? | | ????????????????????????########?????????????????? | | ????????????????????????# #?????????????????? | | ????????#######?????????# #?????????????????? | | ######### ###+####??# #?????????????????? | | %%!!% ^ #### #?????????????????? | | %%!= + #?????????????????? | | %[=[ ^ #### #?????????????????? | | ######### ###### #??####+######+### #??????? | | #?????## #######+#??# ?????? | | #??????# # #??# ?????? | | #??????# # #??# ?????? | | #??????# # """ ####+###### ########??????? | | " ######## # """ # # #?????????????? | | " + + """ # @ #? #?????????????? | | " ######## # # +?? +?????????????? | | #??????##### """ # #???#?????????????? | | ###??????????# """ # #?????????????????? | | ?????????????# """ # #?????????????????? | | ?????????????# # #?????????????????? | | ?????????????# # #?????????????????? | | ?????????????###################?????????????????? | | ?????????????????????????????????????????????????? | | ?????????????????????????????????????????????????? | | ?????????????????????????????????????????????????? | | ?????????????????????????????????????????????????? | | ?????????????????????????????????????????????????? | | ?????????????????????????????????????????????????? | | ?????????????????????????????????????????????????? | | ?????????????????????????????????????????????????? | | ?????????????????????????????????????????????????? | | ?????????????????????????????????????????????????? | | ?????????????????????????????????????????????????? | | ?????????????????????????????????????????????????? | | ?????????????????????????????????????????????????? | | ?????????????????????????????????????????????????? | | ?????????????????????????????????????????????????? | | ?????????????????????????????????????????????????? | | ?????????????????????????????????????????????????? | +----------------------------------------------------+ Best States ------------- Heat Dissipation 28 Energy Generation 10 Energy Capacity 250 Matter Stores 300 Matter Capacity 300 Sight Range 16 Terrain Scan Density 10 Resistance: KI 20 Resistance: TH 20 Resistance: EX 20 Resistance: EM 20 Resistance: I 20 Resistance: S 20 Resistance: P 20 Evasion (%) 40 Offensive Hacking 10 Item Schematics ----------------- None Robot Schematics ------------------ None Fabricated ------------ Nothing Alien Tech Used ----------------- None Achievements -------------- Fist Fight Challenges ------------ None Game ------ Seed XenonElectronSink Manual? 0 Play Time 00:07:14 Cumulative 34.3 hours Start 2020.07.17 @ 12:00:52 End 2020.07.17 @ 12:06:55 Sessions 1 Manual Loads 0 Difficulty Adventurer Special Mode None Game No. 57 Rogue 1 Adventurer 56 Explorer 0 Win Type - Total 0 Types 0/0/0/0/0/0/0 Lore% 25 Gallery% 40 Achievement% 32 Wizard Run 0 Options --------- ASCII 0 Keyboard 1 Movement Numpad Keybinds 0 Fullscreen 1 Font 18/SmallcapsGlow Map View 76x50 Tactical HUD 1 Map Filters NONE Filters NONE Steam 1 RUN: c8e543a8-5890-4aa3-87b3-f08f349f584f